 Dungeon Crawl Stone Soup version 0.17-a0-1718-g72dbe4d (webtiles) character file.

220916 Promi the Acrobat (level 18, -2/83 HPs)
             Began as a Spriggan Earth Elementalist on Aug 26, 2015.
             Was the Champion of Vehumet.
             Slain by a redback (5 damage)
             ... on level 3 of the Spider Nest.
             The game lasted 07:13:27 (65780 turns).

Promi the Acrobat (Spriggan Earth Elementalist)    Turns: 65780, Time: 07:13:28

Health: -2/83      AC:  8    Str:  5    XL:     18   Next: 86%
Magic:  46/46      EV: 16    Int: 27    God:    Vehumet [******]
Gold:   2002       SH:  0    Dex: 12    Spells: 10 memorised, 5 levels left

rFire  . . .     SeeInvis +     c - staff of energy
rCold  + . .     Clarity  .     w - +1 robe "Agoat" {rPois MP+9 Int+4 Dex-5}
rNeg   . . .     SustAt   .     (shield restricted)
rPois  +         Gourm    .     y - +2 hat
rElec  .         Spirit   .     B - +2 cloak
rCorr  .         Warding  .     (gloves unavailable)
rMut   .         Stasis   +     (boots unavailable)
MR     ++++.                    o - amulet of stasis
Stlth  ++++++....               O - ring of protection from cold
                                k - ring of poison resistance

@: held, studying Maces & Flails, very quick, incredibly resistant to hostile
enchantments, very stealthy
A: unfitting armour, see invisible, herbivore 3, speed 3, magic resistance 1,
slow metabolism 2
a: Renounce Religion


You were on level 3 of the Spider Nest.
You worshipped Vehumet.
Vehumet was exalted by your worship.
You were not hungry.

You visited 7 branches of the dungeon, and saw 39 of its levels.
You also visited: Labyrinth and Volcano.

You collected 4529 gold pieces.
You spent 2527 gold pieces at shops.

Inventory:

Hand weapons
 j - a +5 short sword of venom
 D - the +5 dagger of Focus {freeze, rElec Dex+3}
   (You found it on level 7 of the Lair of Beasts)

   It has been specially enchanted to freeze those struck by it, causing extra
   injury to most foes and up to half again as much damage against particularly
   susceptible opponents.
   It can also slow down cold-blooded creatures.
   It affects your dexterity (+3).
   It insulates you from electricity.
 M - a +1 demon whip of venom
Missiles
 a - 1030 stones (quivered)
Armour
 t - a +1 steam dragon armour
 w - the +1 robe "Agoat" (worn) {rPois MP+9 Int+4 Dex-5}
   (You acquired it on level 4 of the Swamp)

   It affects your intelligence (+4).
   It affects your dexterity (-5).
   It protects you from poison.
   It affects your magic capacity (+9).
 y - a +2 hat (worn)
 B - a +2 cloak (worn)
Magical staves
 c - an uncursed staff of energy (weapon)
 L - an uncursed staff of wizardry
Jewellery
 k - a ring of poison resistance (left hand)
 o - an amulet of stasis (around neck)
 x - an uncursed ring of stealth
 H - an uncursed ring of fire
 N - an uncursed ring of positive energy
 O - a ring of protection from cold (right hand)
 P - an uncursed ring of protection from fire
Magical devices
 X - a wand of digging (12)
Scrolls
 b - a scroll of acquirement
 e - 16 scrolls of remove curse
 g - 4 scrolls of magic mapping
 m - 5 scrolls of fear
 z - 3 scrolls of recharging
 A - 13 scrolls of teleportation
 C - 4 scrolls of identify
 I - 6 scrolls of amnesia
 Q - a scroll of blinking
 R - 2 scrolls of enchant armour
 Z - 2 scrolls of enchant weapon
Potions
 f - 3 potions of cure mutation
 h - a potion of heal wounds
 i - 5 potions of flight
 l - 5 potions of haste
 p - 5 potions of cancellation
 s - 12 potions of curing
 u - 3 potions of brilliance
 v - 3 potions of magic
 F - 2 potions of agility
 J - 2 potions of invisibility
 U - 2 potions of resistance
Books
 n - a book of Enchantments

   Spells                             Type                      Level
   a - Cause Fear                     Hexes                        4
   b - Silence                        Hexes/Air                    5
   c - Deflect Missiles               Charms/Air                   6
   d - Haste                          Charms                       6
   e - Discord                        Hexes                        8
 q - a book of Debilitation

   Spells                             Type                      Level
   a - Corona                         Hexes                        1
   b - Slow                           Hexes                        2
   c - Gell's Gravitas                Hexes/Translocation          3
   d - Inner Flame                    Hexes/Fire                   3
   e - Cause Fear                     Hexes                        4
   f - Leda's Liquefaction            Hexes/Earth                  4
 r - a manual of Maces & Flails
 K - a book of Hinderance

   Spells                             Type                      Level
   a - Confusing Touch                Hexes                        2
   b - Confuse                        Hexes                        3
   c - Gell's Gravitas                Hexes/Translocation          3
   d - Petrify                        Transmutation/Earth          4
   e - Metabolic Englaciation         Hexes/Ice                    5
Miscellaneous
 Y - a crystal ball of energy
Comestibles
 d - 11 bread rations
 E - 10 royal jellies
 G - 4 slices of pizza


   Skills:
 - Level 4.4 Fighting
 - Level 6.0 Short Blades
 - Level 21.4 Dodging
 - Level 12.0 Stealth
 - Level 14.0 Spellcasting
 - Level 13.0 Conjurations
 - Level 7.5 Charms
 - Level 8.0 Transmutations
 + Level 17.9 Earth Magic
 - Level 10.1 Evocations


You had 5 spell levels left.
You knew the following spells:

 Your Spells              Type           Power        Failure   Level  Hunger
a - Sandblast             Erth           ######       0%          1    None
b - Stoneskin             Trmt/Erth      ######..     1%          2    None
c - Passwall              Trmt/Erth      ######....   1%          3    None
d - Stone Arrow           Conj/Erth      ######       0%          3    None
e - Petrify               Trmt/Erth      ######..     1%          4    None
f - Lee's Rapid Deconstr  Erth           #######...   1%          5    None
g - Mephitic Cloud        Conj/Pois/Air  #####...     1%          3    None
h - Iskenderun's Battles  Conj/Chrm      ######..     1%          5    None
i - Iron Shot             Conj/Erth      #######...   1%          6    None
j - Lehudib's Crystal Sp  Conj/Erth      #######...   11%         8    None


Dungeon Overview and Level Annotations

Branches:
Dungeon (15/15) Temple (1/1) D:7 Lair (8/8) D:9 Swamp (4/4) Lair:4 Spider (4/4) Lair:6 Slime (0/6) Lair:8 Orc (4/4) D:11 Elf (3/3) Orc:3 Vaults (0/5) D:13 D:14 Depths (0/5) D:15

Altars:
Ashenzari
Cheibriados
Dithmenos
Elyvilon
Fedhas
Gozag
Kikubaaqudgha
Makhleb
Nemelex Xobeh
Okawaru
Qazlal
Ru
Sif Muna
Trog
Vehumet
Xom
Yredelemnul
Zin
The Shining One
Beogh

Shops:
D:15 :(%   Orc:4 :*([   Elf:1 [   Elf:3 (!}

Portals:
Trove: D:13 (give +6 demon whip)

Annotations:
Swamp:4 Lernaean hydra


Innate Abilities, Weirdness & Mutations

You are tiny and cannot use many weapons and most armour.
You have supernaturally acute eyesight.
You are a herbivore.
You cover ground extremely quickly.
You need consume almost no food.
You are resistant to hostile enchantments.


Message History

* * * LOW HITPOINT WARNING * * *
You are lethally poisoned!
The trapdoor spider poisons you!
The jumping spider leaps!
Drink which item? (? for menu, Esc to quit)
You feel better. The jumping spider pounces on you.
* * * LOW HITPOINT WARNING * * *
The jumping spider misses you. The redback misses you.
The redback closely misses you. The trapdoor spider bites you!
* * * LOW HITPOINT WARNING * * *
The jumping spider barely misses you. The jumping spider closely misses you.
Drink which item? (? for menu, Esc to quit)
You feel much better. The redback bites you!
* * * LOW HITPOINT WARNING * * *
The redback misses you. The trapdoor spider bites you!
* * * LOW HITPOINT WARNING * * *
The jumping spider leaps!
The jumping spider pounces on you but does no damage.
The jumping spider bites you but does no damage.
The redback bites you.
You die...

...........#.....................
...........#.....................
...........#†..#.....^##.....≈...
##.........≈><≈≈....s.^......≈#..
.......<..#≈..#......^.....^..≈..
..........≈...................#.#
..............................#≈#
..#≈##.....#...ss..............^.
...............s@#...............
#....^....#^..§s.#≈##............
##........#..............######..
#.≈.#...^#.................^%#..
##≈####.##≈≈#####.^..........#..
### #######...*......^.....##.
#...........#..^.....^
##^.....^...#.........
##.........#....^....


You could see a trapdoor spider, 2 jumping spiders and 2 redbacks.

Vanquished Creatures
  Nikola (Elf:3)
  A deep elf blademaster (Elf:3)
  2 deep elf master archers (Elf:3)
  3 thorn hunters
  A fire giant (D:15)
  The ghost of wont the Spear-Bearer, a powerful CeWr of Okawaru (D:14)
  A ghost moth (Spider:1)
  6 deep elf sorcerers
  An orc warlord (Orc:4)
  An emperor scorpion (Spider:3)
  12 deep elf demonologists
  4 deep elf annihilators (Elf:3)
  Azrael (D:13)
  A dire elephant (Lair:8)
  6 deep elf death magi
  3 deep elf high priests
  A minotaur (Lab)
  The ghost of Grim the Unseen, a powerful SpEn of Dithmenos (Lair:8)
  14 hydras
  The ghost of Gargoyl the Ducker, a powerful DsAK of Lugonu (D:10)
  A ghost crab (Swamp:4)
  2 catoblepae
  15 alligators
  5 centaur warriors
  18 dancing weapons (Elf:2)
  A deep troll shaman (Lair:8)
  A tengu warrior (D:15)
  7 death yaks
  Urug (Lair:3)
  4 orc high priests (Orc:4)
  Sonja (Lair:1)
  22 deep elf knights
  4 skeletal warriors
  A deep troll (D:15)
  5 orc knights
  An unseen horror (shapeshifter) (D:15)
  2 unseen horrors
  3 shambling mangroves
  5 swamp dragons
  8 hill giants
  7 deep elf summoners
  13 deep elf conjurers
  12 orb spiders
  A griffon (Lair:7)
  8 orc sorcerers
  A necromancer (Lair:5)
  2 manticores (D:15)
  2 ugly things
  A salamander (Lair:8)
  21 elephants
  16 wolf spiders
  6 cyclopes
  2 moths of wrath
  6 black mambas
  Maurice (D:9)
  22 spiny frogs
  9 hornets
  A torpor snail (Lair:3)
  2 gargoyles
  An efreet (D:13)
  The ghost of timbw the Cleaver, an experienced HuBe of Trog (D:8)
  4 komodo dragons
  4 fire drakes
  11 demonic crawlers
  8 deep elf priests
  12 jumping spiders
  9 trolls
  A harpy zombie (D:13)
  4 red devils (Elf:1)
  4 giant leeches
  23 slime creatures
  A polar bear (Lair:5)
  14 blink frogs
  A queen bee (D:13)
  A blink frog (shapeshifter) (D:15)
  10 bog bodies
  2 two-headed ogres (D:15)
  2 centaur simulacra (D:15)
  2 boulder beetles (Spider:1)
  27 redbacks
  2 shadows
  13 tarantellas
  2 yaks (shapeshifter)
  6 spriggans
  6 trapdoor spiders
  6 basilisks
  6 vampire mosquitoes
  A wraith (D:12)
  25 deep elf magi
  31 yaks
  A steam dragon (D:10)
  4 hippogriffs
  17 humans
  Grum (D:11)
  A wyvern (D:9)
  38 deep elf fighters
  5 hungry ghosts
  22 wolves
  4 hell hounds
  4 fire elementals (D:13)
  A mottled dragon (D:15)
  A soldier ant (D:10)
  7 insubstantial wisps
  5 wargs
  17 porcupines
  14 swamp worms
  29 orc warriors
  7 swamp drakes
  4 black bears
  2 sky beasts (D:11)
  An ice beast (shapeshifter) (D:13)
  12 wasps
  7 spiders
  2 necrophages
  20 water moccasins
  9 ogres
  5 phantoms
  16 crocodiles
  4 eyes of draining
  18 centaurs
  A brain worm (Lair:7)
  5 big kobolds
  26 giant frogs
  A wyvern zombie (D:13)
  4 scorpions
  45 killer bees
  2 quasits
  12 electric eels
  A centaur zombie (D:11)
  5 jellies
  2 basilisk zombies (Lair:5)
  3 crimson imps
  20 orc priests
  3 giant frog zombies
  7 hounds
  34 orc wizards
  3 centaur skeletons
  4 giant frog skeletons
  9 iguanas
  4 hell rats (Lair:4)
  A statue (D:7)
  12 worker ants
  16 sheep
  3 gnolls (D:4)
  66 river rats
  6 adders
  8 shadow imps
  3 oozes
  2 adder zombies
  9 worms
  4 giant geckos
  200 orcs
  15 bats
  3 giant cockroaches
  9 hobgoblins
  11 jackals
  27 kobolds
  7 quokkas
  2 ball pythons
  A giant gecko skeleton (D:8)
  A giant gecko zombie (D:6)
  5 giant newts
  8 goblins
  A quokka zombie (D:6)
  15 rats
  A fungus (Lair:6)
  A plant (Lair:7)
1448 creatures vanquished.

Vanquished Creatures (collateral kills)
  Rupert (Lair:3)
1 creature vanquished.

Vanquished Creatures (others)
  A deep elf high priest (Elf:3)
  2 unseen horrors (D:15)
  A water moccasin (Lair:8)
  A wasp (Swamp:3)
  A centaur zombie (D:12)
  An orc wizard (D:9)
  4 sheep (D:9)
  A giant frog simulacrum (D:13)
  A bush (Lair:8)
  49 fungi
  18 plants
80 creatures vanquished.

Grand Total: 1529 creatures vanquished

Notes
Turn   | Place    | Note
--------------------------------------------------------------
     0 | D:1      | Promi the Spriggan Earth Elementalist began the quest for the Orb.
     0 | D:1      | Reached XP level 1. HP: 9/9 MP: 5/5
   449 | D:1      | Reached XP level 2. HP: 4/13 MP: 2/7
   453 | D:1      | Learned a level 2 spell: Stoneskin
  1340 | D:1      | Reached XP level 3. HP: 13/16 MP: 5/8
  1411 | D:1      | Found a snail-covered altar of Cheibriados.
  1474 | D:1      | You fall through a shaft!
  1568 | D:2      | Reached skill level 4 in Dodging
  1691 | D:2      | Found a sacrificial altar of Ru.
  1834 | D:2      | Found an ancient bone altar of Kikubaaqudgha.
  2467 | D:3      | Reached XP level 4. HP: 19/21 MP: 10/10
  2472 | D:3      | Learned a level 3 spell: Passwall
  2476 | D:3      | Learned a level 3 spell: Stone Arrow
  2515 | D:3      | Found an opulent altar of Gozag.
  3424 | D:4      | Reached skill level 5 in Dodging
  3424 | D:4      | Reached XP level 5. HP: 16/24 MP: 7/11
  3777 | D:4      | Found a white marble altar of Elyvilon.
  3921 | D:4      | Noticed a giant frog
  3936 | D:4      | Killed a giant frog
  3936 | D:4      | Reached skill level 5 in Stealth
  3936 | D:4      | Reached XP level 6. HP: 11/28 MP: 0/13
  3942 | D:4      | Learned a level 4 spell: Petrify
  4172 | D:4      | Found a shattered altar of Ashenzari.
  4738 | D:5      | Entered Level 5 of the Dungeon
  4762 | D:5      | Reached skill level 6 in Dodging
  4779 | D:5      | Found a glowing golden altar of the Shining One.
  4897 | D:5      | Found a stormy altar of Qazlal.
  4922 | D:5      | Reached skill level 5 in Spellcasting
  5122 | D:5      | Reached XP level 7. HP: 26/32 MP: 5/15
  6090 | D:6      | Reached skill level 7 in Stealth
  6434 | D:6      | Reached XP level 8. HP: 28/36 MP: 12/18
  6441 | D:6      | Learned a level 5 spell: Lee's Rapid Deconstruction
  6478 | D:6      | Reached skill level 5 in Earth Magic
  6613 | D:6      | Reached skill level 1 in Short Blades
  6613 | D:6      | Reached skill level 8 in Stealth
  6870 | D:6      | Reached skill level 1 in Fighting
  7226 | D:7      | Found a basalt altar of Yredelemnul.
  7551 | D:7      | Found a radiant altar of Vehumet.
  7798 | D:7      | Got a crude shield
  7799 | D:7      | Identified the +0 shield of Paranoia {rN+ Dex+5} (You found it on level 7 of the Dungeon)
  7822 | D:7      | Reached skill level 9 in Stealth
  7838 | D:7      | Found a staircase to the Ecumenical Temple.
  7922 | Temple   | Entered the Ecumenical Temple
  8248 | D:7      | Reached XP level 9. HP: 26/42 MP: 1/21
  8445 | D:7      | Found an iron altar of Okawaru.
  8548 | D:7      | Became a worshipper of Vehumet
  9041 | D:8      | Found a snail-covered altar of Cheibriados.
  9047 | D:8      | Found a snail-covered altar of Cheibriados.
  9063 | D:8      | Noticed timbw's ghost (experienced HuBe)
  9298 | D:8      | Acquired Vehumet's first power
  9298 | D:8      | Offered knowledge of Flame Tongue by Vehumet.
  9298 | D:8      | Reached skill level 10 in Stealth
  9697 | D:9      | Got a transparent dagger
  9704 | D:9      | Identified the cursed +0 dagger of Indignation {flame, Str+7} (You found it on level 9 of the Dungeon)
  9758 | D:9      | Noticed Maurice
  9885 | D:9      | Reached skill level 5 in Short Blades
 10315 | D:9      | Reached skill level 1 in Conjurations
 10441 | D:9      | Found a burning altar of Makhleb.
 10456 | D:9      | Offered knowledge of Shock by Vehumet.
 10846 | D:9      | Found a shimmering altar of Xom.
 10950 | D:9      | Found a staircase to the Lair.
 10987 | D:9      | Reached XP level 10. HP: 43/49 MP: 8/23
 11036 | D:9      | Found a sparkling altar of Nemelex Xobeh.
 11187 | D:9      | Killed Maurice
 11657 | D:10     | Entered Level 10 of the Dungeon
 11684 | D:10     | Noticed a tengu warrior
 11684 | D:10     | Noticed Gargoyl's ghost (powerful DsAK)
 12234 | D:8      | Killed timbw's ghost
 12312 | D:10     | Noticed a hill giant
 12323 | D:11     | Noticed a white ugly thing
 12326 | D:11     | Noticed a hill giant
 12977 | D:10     | Offered knowledge of Mephitic Cloud by Vehumet.
 12996 | D:10     | Learned a level 3 spell: Mephitic Cloud
 13149 | D:10     | Killed a hill giant
 13374 | D:11     | Reached skill level 11 in Stealth
 13378 | D:11     | Acquired Vehumet's second power
 13600 | D:11     | Noticed a centaur warrior
 13666 | Lair:1   | Entered Level 1 of the Lair of Beasts
 13726 | Lair:1   | Noticed a seven-headed hydra
 13731 | Lair:1   | Killed a seven-headed hydra
 13731 | Lair:1   | Reached skill level 10 in Spellcasting
 13731 | Lair:1   | Reached XP level 11. HP: 52/54 MP: 4/26
 14673 | Lair:1   | Noticed Sonja
 14675 | Lair:1   | Killed Sonja
 14917 | Lair:1   | Offered knowledge of Inner Flame by Vehumet.
 15013 | Lair:1   | Noticed a four-headed hydra
 15028 | Lair:1   | Killed a four-headed hydra
 15028 | Lair:1   | Reached skill level 12 in Stealth
 15319 | Lair:2   | Noticed a six-headed hydra
 15353 | Lair:2   | Killed a six-headed hydra
 15413 | Lair:2   | Noticed a seven-headed hydra
 15435 | Lair:2   | Killed a seven-headed hydra
 15435 | Lair:2   | Reached skill level 10 in Dodging
 16154 | Lair:3   | Noticed Rupert
 16187 | Lair:3   | Acquired Vehumet's third power
 16192 | Lair:3   | Reached skill level 5 in Conjurations
 16308 | Lair:3   | Reached XP level 12. HP: 52/58 MP: 25/28
 16355 | Lair:3   | Offered knowledge of Olgreb's Toxic Radiance by Vehumet.
 16903 | Lair:3   | Learned a level 5 spell: Iskenderun's Battlesphere
 16914 | Lair:3   | Noticed a death yak
 17057 | Lair:3   | Noticed a death yak
 17246 | Lair:3   | Killed a death yak
 17246 | Lair:3   | Reached skill level 1 in Charms
 17473 | Lair:3   | Paralysed by Rupert for 6 turns
 17483 | Lair:3   | Noticed Urug
 17842 | D:11     | Killed a hill giant
 17934 | D:11     | Noticed Grum
 18019 | D:11     | Killed a centaur warrior
 18019 | D:11     | Reached skill level 10 in Earth Magic
 18085 | D:11     | Found a staircase to the Orcish Mines.
 18141 | D:11     | Reached skill level 5 in Transmutations
 18188 | D:11     | Killed Grum
 18227 | Orc:1    | Entered Level 1 of the Orcish Mines
 19069 | Orc:1    | Found a roughly hewn altar of Beogh.
 19390 | Orc:1    | Offered knowledge of Force Lance by Vehumet.
 20257 | Orc:2    | Found a dark tunnel.
 20279 | Volcano  | Entered a volcano
 20387 | Orc:3    | Found a staircase to the Elven Halls.
 21685 | Orc:4    | Entered Level 4 of the Orcish Mines
 21726 | Orc:4    | Found Lamaekk's General Store.
 21726 | Orc:4    | Noticed an orc warlord
 22078 | Orc:4    | Reached XP level 13. HP: 42/63 MP: 4/29
 22338 | Orc:4    | Found a bloodstained altar of Trog.
 22362 | Orc:4    | Reached skill level 5 in Charms
 23032 | Orc:4    | Offered knowledge of Iron Shot by Vehumet.
 23095 | Orc:4    | Found Touqicir's Book Emporium.
 23382 | Orc:4    | Killed an orc warlord
 23562 | Orc:4    | Found Jebli's Antique Weapon Shoppe.
 24065 | Orc:4    | Found Pidoyx's Antique Armour Emporium.
 24314 | Orc:4    | Gained mutation: You are resistant to hostile enchantments. [potion of beneficial mutation]
 24529 | Orc:4    | Learned a level 6 spell: Iron Shot
 24687 | D:11     | Found a shattered altar of Ashenzari.
 24864 | D:11     | Killed a white ugly thing
 25576 | D:12     | Found a labyrinth entrance.
 25588 | Lab      | Entered a labyrinth
 25972 | D:12     | Identified a -1 rod of shadows (12/12) (You found it in a labyrinth)
 26552 | D:12     | Offered knowledge of Freezing Cloud by Vehumet.
 28693 | D:13     | Noticed Azrael
 28727 | D:13     | Found a portal to a secret trove of treasure.
 29690 | D:13     | Reached XP level 14. HP: 64/67 MP: 13/30
 30368 | Lair:3   | Killed Urug
 30553 | Lair:3   | Killed a death yak
 30786 | Lair:3   | Noticed a death yak
 30796 | Lair:3   | Killed a death yak
 31048 | Lair:3   | Killed Rupert
 31398 | Lair:4   | Found a staircase to the Swamp.
 31515 | Lair:4   | Offered knowledge of Bolt of Draining by Vehumet.
 34166 | Lair:6   | Reached skill level 10 in Conjurations
 34312 | Lair:6   | Found a hole to the Spider Nest.
 35116 | Lair:6   | Reached skill level 13 in Earth Magic
 35252 | Lair:7   | Offered knowledge of Conjure Ball Lightning by Vehumet.
 36087 | Lair:7   | Got a twisted dagger
 36092 | Lair:7   | Identified the +5 dagger of Focus {freeze, rElec Dex+3} (You found it on level 7 of the Lair of Beasts)
 36546 | Lair:8   | Entered Level 8 of the Lair of Beasts
 36596 | Lair:8   | Found a staircase to the Slime Pits.
 36667 | Lair:8   | Noticed Grim's ghost (powerful SpEn)
 36701 | Lair:8   | Killed Grim's ghost
 37975 | Lair:8   | Reached XP level 15. HP: 70/70 MP: 12/32
 39156 | Lair:8   | Identified Okhlucw's Guide on Heat
 39333 | Lair:6   | Offered knowledge of Spellforged Servitor by Vehumet.
 39351 | Spider:1 | Entered Level 1 of the Spider Nest
 39722 | Spider:1 | Reached skill level 14 in Earth Magic
 41192 | Swamp:1  | Entered Level 1 of the Swamp
 41471 | Swamp:1  | Learned a level 8 spell: Lehudib's Crystal Spear
 42259 | D:10     | Killed Gargoyl's ghost
 43318 | D:14     | Found a gate to the Vaults.
 43429 | D:13     | Offered knowledge of Ozocubu's Refrigeration by Vehumet.
 43722 | D:14     | Noticed wont's ghost (powerful CeWr)
 44185 | D:13     | Killed Azrael
 44808 | D:14     | Killed wont's ghost
 45413 | D:15     | Entered Level 15 of the Dungeon
 46059 | D:15     | Found Fomudom's Book Boutique.
 46062 | D:15     | Bought a manual of Dodging for 1876 gold pieces
 46212 | D:15     | Found Zejope's Weapon Boutique.
 46259 | D:15     | Found Qiunirra's Food Shop.
 46319 | D:15     | Found a runed door.
 46449 | D:15     | Reached XP level 16. HP: 55/75 MP: 2/34
 46620 | D:15     | Got a tattered robe
 46636 | D:15     | Identified the +2 robe of a bazaar {rN+} (You found it on level 15 of the Dungeon)
 46966 | D:15     | Found a staircase to the Depths.
 47226 | D:15     | Bought a bread ration for 60 gold pieces
 47226 | D:15     | Bought a bread ration for 60 gold pieces
 47226 | D:15     | Bought a bread ration for 60 gold pieces
 47226 | D:15     | Bought a bread ration for 60 gold pieces
 47226 | D:15     | Bought a bread ration for 60 gold pieces
 49357 | Swamp:2  | Reached skill level 15 in Earth Magic
 49442 | Swamp:2  | Reached skill level 1 in Evocations
 49802 | Swamp:2  | Reached skill level 15 in Dodging
 51286 | Swamp:3  | Reached skill level 16 in Dodging
 51864 | Swamp:4  | Entered Level 4 of the Swamp
 52113 | Swamp:3  | Offered knowledge of Shatter by Vehumet.
 52113 | Swamp:3  | Offered knowledge of Chain Lightning by Vehumet.
 52113 | Swamp:3  | Offered knowledge of Tornado by Vehumet.
 52529 | Swamp:4  | Reached skill level 5 in Evocations
 52859 | Swamp:4  | Identified a scroll of acquirement
 52863 | Swamp:4  | Got a heavily jewelled robe
 52881 | Swamp:3  | Identified the +1 robe "Agoat" {rPois MP+9 Int+4 Dex-5} (You acquired it on level 4 of the Swamp)
 53006 | Swamp:4  | Noticed the 27-headed Lernaean hydra
 53409 | Elf:1    | Entered Level 1 of the Elven Halls
 53761 | Elf:1    | Found Inus's Armour Emporium.
 53858 | Elf:1    | Reached XP level 17. HP: 67/79 MP: 15/36
 54380 | Elf:1    | Reached skill level 17 in Dodging
 56699 | Elf:2    | Reached skill level 18 in Dodging
 56814 | Elf:2    | Found a large runed door.
 56814 | Elf:2    | Found a large runed door.
 56845 | Elf:2    | Found a large runed door.
 56845 | Elf:2    | Found a large runed door.
 57664 | Elf:2    | Reached skill level 19 in Dodging
 58443 | Elf:3    | Entered Level 3 of the Elven Halls
 58700 | Elf:3    | Found Agipseom's Weapon Shop.
 58701 | Elf:3    | Found Peixogy's Gadget Boutique.
 58703 | Elf:3    | Found Gyck's Distillery.
 58717 | Elf:3    | Bought a potion of flight for 39 gold pieces
 58717 | Elf:3    | Bought a potion of haste for 130 gold pieces
 58717 | Elf:3    | Bought a potion of heal wounds for 65 gold pieces
 58717 | Elf:3    | Bought a potion of curing for 39 gold pieces
 58717 | Elf:3    | Bought a potion of curing for 39 gold pieces
 58717 | Elf:3    | Bought a potion of curing for 39 gold pieces
 59111 | Elf:3    | Noticed an Ice Fiend
 59140 | Elf:3    | Reached skill level 10 in Evocations
 59158 | Elf:3    | Reached XP level 18. HP: 73/83 MP: 19/37
 59285 | Elf:3    | Reached skill level 20 in Dodging
 59621 | Elf:3    | Got a coiled bone ring
 59842 | Elf:3    | Noticed Nikola
 60169 | Elf:3    | Killed Nikola
 60702 | Elf:3    | Reached skill level 21 in Dodging
 60916 | Elf:3    | Identified the Volume of Confrontation
 60955 | Elf:3    | Identified the ring of Twilight {Fire Int+6} (You took it off a deep elf death mage on level 3 of the Elven Halls)
 65640 | Spider:4 | Entered Level 4 of the Spider Nest
 65779 | Spider:3 | HP: 1/83 [trapdoor spider (11)]
 65780 | Spider:3 | Slain by a redback

Vault maps used:
D:1:      eino_arrival_tree_alley, cheibriados_altar_1
D:2:      lemuel_doored_altar, kiku_gazebo_pond_becter, first_bread
D:3:      lemuel_round_altar, kennysheep_generic_room_9
D:4:      elyvilon_altar_1, ashenzari_conservatory_becter
D:5:      nicolae_qazlal_general_emergency, basic_altar
D:7:      vehumet_statue, lemuel_coloured_pillars_altar,
          minmay_temple_entry_mist, columned_hall_lemuel, grunt_livestock,
          yredelemnul_altar_generic
D:8:      lemuel_crystal_altar, basic_altar
D:9:      kennysheep_mini, nicolae_overflow_crystal_walls, lair_0_dummy,
          kb_xom_exploding_sheep, uniq_maurice
D:11:     orc_david_3, basic_altar, uniq_grum
D:12:     lab_entry_generic, serial_bayou_lagoon_b
D:13:     nicolae_trove_entry_crossroad, onia_ninara_dug_in_and_dangerous,
          uniq_azrael
D:14:     david_vaults_3
D:15:     hangedman_depths_entry_try_elsewhere_first, serial_shops,
          nicolae_shop_behind_doors, shop, shop, minmay_misc_feat_iff,
          grunt_ministairs_1, minmay_st_funbox, kb_rosetta
Temple:   minmay_temple_bridge_a_8
Lair:1:   uniq_sonja
Lair:3:   serial_bayou_shore_b, wad_woods_river_01, grunt_megastairs_3,
          lemuel_fruit_fields, uniq_rupert, uniq_urug
Lair:4:   kennysheep_abandoned_house, minmay_swamp_entry_wisps,
          serial_bayou_shore_b
Lair:5:   pond_and_an_island_with_a_cottage
Lair:6:   dummy_spider_entry, serial_bayou_pond_a
Lair:7:   serial_bayou_shore_b, serial_bayou_shore_b
Lair:8:   grunt_lair_end_beastmaster, nicolae_slime_entry_slimehenge
Swamp:1:  evilmike_swamp_ruin_house_1
Swamp:2:  nicolae_swamp_stair_fork, swamp_pool1
Swamp:3:  hangedman_swamp_ruin_hall, infiniplex_staircase_pool
Swamp:4:  swamp_old_school
Spider:1: hive_lemuel
Spider:2: nicolae_crawler_farm
Spider:3: nicolae_orb_island
Spider:4: grunt_spider_rune_parallel, uniq_mara
Orc:1:    basic_altar
Orc:2:    enter_volcano_3
Orc:3:    nicolae_orc_pool_cavern, guppyfry_library_mini
Orc:4:    grunt_orc_gardens, grunt_orc_garden, grunt_orc_garden,
          grunt_orc_garden, grunt_orc_garden, basic_altar
Elf:1:    serial_shops, shop, orc_legates, einodemon_armed_red_devil_minivault
Elf:3:    grunt_elf_hall_asides, serial_shops, shop, shop, shop, uniq_nikola
Lab:      labyrinth_watery, nicolae_lab_starburst, lab_fountain,
          nicolae_lab_plus, nicolae_lab_very_dead_end, labyrinth_glass_1,
          nicolae_lab_garden, labyrinth_skeletal_remains, nicolae_lab_swirl
Volcano:  volcano_village

Action                   |  1- 3 |  4- 6 |  7- 9 | 10-12 | 13-15 | 16-18 || total
-------------------------+-------+-------+-------+-------+-------+-------++-------
Melee: Unarmed           |    24 |       |       |       |       |       ||    24
       Club              |     6 |       |       |       |       |       ||     6
       Short sword       |    69 |   152 |   232 |   518 |   570 |       ||  1541
       Dagger            |       |       |    89 |    76 |   258 |    49 ||   472
       Staff             |       |       |       |       |       |     3 ||     3
Throw: Stone             |       |       |       |       |     1 |       ||     1
 Cast: Sandblast         |    77 |    59 |   138 |     6 |    31 |    27 ||   338
       Stoneskin         |       |     8 |     3 |     5 |    33 |    13 ||    62
       Stone Arrow       |       |    14 |    76 |   258 |   837 |   726 ||  1911
       Lee's Rapid Decon |       |       |     3 |    45 |    35 |    74 ||   157
       Petrify           |       |       |       |     5 |     8 |       ||    13
       Iskenderun's Batt |       |       |       |     9 |    74 |   161 ||   244
       Mephitic Cloud    |       |       |       |     7 |     6 |     1 ||    14
       Iron Shot         |       |       |       |       |    41 |   110 ||   151
       Lehudib's Crystal |       |       |       |       |       |    18 ||    18
       Passwall          |       |       |       |       |       |     1 ||     1
Evoke: Wand              |       |       |       |     2 |     1 |     5 ||     8
       Staff of energy   |       |       |       |       |       |   115 ||   115
       Crystal ball of e |       |       |       |       |       |     2 ||     2
  Use: Scroll            |       |    12 |    12 |     8 |    13 |    10 ||    55
       Potion            |       |       |     2 |     5 |    10 |    13 ||    30
 Stab: Sleeping          |     5 |     6 |    13 |    42 |    67 |     8 ||   141
       Distracted        |     1 |       |       |     6 |     4 |       ||    11
       Confused          |       |       |       |     2 |     3 |       ||     5
  Eat: Bread ration      |       |     1 |     1 |     2 |     3 |     2 ||     9
       Pizza             |       |       |       |     3 |     3 |     5 ||    11
       Fruit             |       |       |       |     3 |    13 |     4 ||    20
       Royal jelly       |       |       |       |       |     6 |     2 ||     8
